 Dungeon Crawl Stone Soup version 0.29.1-15-g9cfb28693d (webtiles) character file.

Game seed: 6395727674121884943

4623 leetdood the Cleaver (level 10, -3/90 HPs)
             Began as a Minotaur Fighter on Mar 12, 2023.
             Was a Believer of Okawaru.
             Slain by a white ugly thing (26 damage)
             ... on level 8 of the Dungeon.
             The game lasted 00:26:08 (9144 turns).

leetdood the Cleaver (Minotaur Fighter)             Turns: 9144, Time: 00:26:09

Health: -3/90      AC: 15    Str: 26    XL:     10   Next: 19%
Magic:  9/11       EV: 10    Int:  5    God:    Okawaru [**....]
Gold:   323        SH:  7    Dex:  9    Spells: 9/9 levels left

rFire   . . .      SeeInvis .   a - +0 war axe
rCold   . . .      Faith    .   c - +0 buckler
rNeg    . . .      Spirit   .   w - +0 chain mail
rPois   +          Reflect  .   (helmet restricted)
rElec   .          Harm     .   n - +1 cloak
rCorr   .          Rampage  .   (no gloves)
Will    +....                   (no boots)
Stlth   ..........              (no amulet)
HPRegen 0.25/turn               r - ring of willpower
MPRegen 0.12/turn               G - ring of poison resistance

@: mighty, heroic
A: horns 2, retaliatory headbutt
a: Renounce Religion, Heroism


You were on level 8 of the Dungeon.
You worshipped Okawaru.
Okawaru was pleased with you.
You visited 2 branches of the dungeon, and saw 9 of its levels.
You also visited: Ossuary.

You collected 323 gold pieces.

Inventory:

Hand Weapons
 a - a +0 war axe (weapon)
 H - a +3 battleaxe of freezing
 I - a +0 dagger of flaming
Missiles
 l - 6 boomerangs (quivered)
Armour
 c - a +0 buckler (worn)
 n - a +1 cloak (worn)
 w - a +0 chain mail (worn)
Jewellery
 m - a ring of magical power
 r - a ring of willpower (left hand)
 G - a ring of poison resistance (right hand)
Wands
 D - a wand of quicksilver (21)
Scrolls
 b - a scroll of butterflies {unknown}
 d - a scroll of silence {unknown}
 e - 3 scrolls of enchant weapon {unknown}
 f - 2 scrolls of immolation {unknown}
 g - 5 scrolls of blinking {unknown}
 i - 5 scrolls of teleportation
 k - 2 scrolls of amnesia {unknown}
 p - 4 scrolls of poison {unknown}
 q - 2 scrolls of fear {unknown}
 t - a scroll of magic mapping {unknown}
 v - 5 scrolls of enchant armour
 y - 2 scrolls of vulnerability {unknown}
 F - 2 scrolls of noise {unknown}
Potions
 h - a potion of brilliance
 j - 2 potions of resistance
 o - 3 potions of invisibility
 s - a potion of magic
 u - 3 potions of curing {unknown}
 x - a potion of cancellation {unknown}
 z - 2 potions of heal wounds {unknown}
 A - a potion of attraction {unknown}
 B - a potion of lignification {unknown}
 C - 3 potions of haste {unknown}
 E - a potion of ambrosia {unknown}


   Skills:
 + Level 8.7(13.7) Fighting
 * Level 11.2(16.2) Axes
 + Level 8.6(13.6) Armour
 + Level 8.7(13.7) Shields
 + Level 3.1 Invocations


You had 9 spell levels left.
You didn't know any spells.
Your spell library contained the following spells:

 Spells                   Type           Power      Damage    Failure   Level
 Magic Dart               Conj           0%         1d3       94%         1
 Shock                    Conj/Air       0%         1d3       94%         1
 Gell's Gravitas          Tloc           0%         N/A       100%        3
 Lesser Beckoning         Tloc           0%         N/A       100%        3
 Mephitic Cloud           Conj/Pois/Air  0%         N/A       100%        3
 Swiftness                Air            0%         N/A       100%        3
 Teleport Other           Tloc           0%         N/A       100%        3
 Airstrike                Air            0%         2d(0-16)  100%        4
 Call Imp                 Summ           Unusable   N/A       N/A         2

Dungeon Overview and Level Annotations

Branches:
Dungeon (8/15)             Temple (1/1) D:6            Lair (0/5) D:8
Ossuary (visited)

Altars:
Ashenzari
Fedhas
Gozag
Hepliaklqana
Kikubaaqudgha
Makhleb
Nemelex Xobeh
Okawaru
Qazlal
Ru
Sif Muna
Vehumet
Xom
Yredelemnul
Zin

Shops:
D:8 (

Annotations:
D:4 3 runed translucent doors, sigtrap's ghost, amateur KoHu


Innate Abilities, Weirdness & Mutations

You have a pair of horns on your head.
You reflexively headbutt those who attack you in melee.


Message History

The centaur warrior shoots an arrow.
The arrow hits you!
You gain the combat prowess of a mighty hero.
The centaur warrior shoots an arrow.
The arrow hits you!!
Found a scroll of identify.
A white ugly thing comes into view.
The centaur warrior unwields a +0 shortbow.
The centaur warrior hits you. The centaur warrior barely misses you.
You slice the centaur warrior!!
The centaur warrior is moderately wounded.
The centaur warrior hits you!
The centaur warrior kicks you but does no damage.
You slash the centaur warrior! You headbutt the centaur warrior.
The centaur warrior is heavily wounded.
The centaur warrior hits you but does no damage.
The centaur warrior barely misses you.
You hit the centaur warrior.
The centaur warrior is severely wounded.
You completely miss the white ugly thing.
You block the white ugly thing's attack.
The centaur warrior closely misses you. You furiously retaliate!
You headbutt the centaur warrior.
The centaur warrior kicks you but does no damage.
You closely miss the centaur warrior. You headbutt the centaur warrior!
The centaur warrior is almost dead.
You slash the white ugly thing! The centaur warrior misses you.
You block the centaur warrior's attack.
You barely miss the centaur warrior.
Your headbutt misses the centaur warrior.
The centaur warrior is almost dead.
You barely miss the white ugly thing. The white ugly thing gores you!
The white ugly thing freezes you! The centaur warrior hits you.
* * * LOW HITPOINT WARNING * * *
You block the centaur warrior's attack.
You feel very mighty all of a sudden. The centaur warrior barely misses you.
The centaur warrior kicks you but does no damage.
The white ugly thing gores you.
* * * LOW HITPOINT WARNING * * *
The white ugly thing freezes you!!
You die...

....#
######.###........###...
##..# ##. ###
##.......#∩#### #..# #..
#......##'#
#..######.###
#.........#
#.......#.#.##
#.....#####
##......#..#.## #..####
#..#####.###.# #### #..#
#..#.####.# #..#
#)###.#@c.#
#..#####..#.#.#u##
#......#)########
####.####.).###.
................#
#################


You could see a white ugly thing and a centaur warrior.

Vanquished Creatures
  Sigmund (D:2)
  5 yaks (D:8)
  A steam dragon (D:6)
  5 water moccasins
  2 black bears
  2 ogres
  A sky beast (D:6)
  2 centaurs (D:7)
  2 phantoms
  2 elf zombies (Ossuary)
  A necrophage (D:6)
  9 bullfrogs
  3 scorpions
  8 wights
  2 howler monkeys
  A centaur zombie (Ossuary)
  4 hounds
  A jelly (D:7)
  3 orc priests
  9 iguanas
  4 orc wizards
  2 mummies (Ossuary)
  6 adders
  7 gnolls
  5 white imps
  An adder zombie (Ossuary)
  A dart slug (D:1)
  A worm (D:2)
  20 orcs
  7 ball pythons
  7 endoplasms
  5 giant cockroaches
  11 goblins
  7 hobgoblins
  6 jackals
  5 quokkas
  5 bats
  5 frilled lizards
  2 goblin zombies (Ossuary)
  13 hobgoblin zombies (Ossuary)
  A jackal zombie (Ossuary)
  8 kobolds
  7 kobold zombies (Ossuary)
  9 orc zombies (Ossuary)
  7 rats
216 creatures vanquished.

Vanquished Creatures (others)
  25 fungi (D:8)
  16 plants (D:8)
41 creatures vanquished.

Grand Total: 257 creatures vanquished

Notes
Turn   | Place    | Note
-------+----------+-------------------------------------------
     0 | D:1      | leetdood the Minotaur Fighter began the quest for the Orb.
     0 | D:1      | Reached XP level 1. HP: 19/19 MP: 0/0
   372 | D:1      | Reached XP level 2. HP: 27/27 MP: 1/1
   653 | D:1      | Reached skill level 3 in Axes
   844 | D:1      | Reached XP level 3. HP: 24/33 MP: 2/2
  1072 | D:1      | You fall into a shaft and drop 1 floor!
  1140 | D:2      | Reached XP level 4. HP: 40/40 MP: 3/3
  1210 | D:2      | Noticed Sigmund
  1228 | D:2      | Killed Sigmund
  1229 | D:2      | Reached skill level 4 in Axes
  1229 | D:2      | Reached XP level 5. HP: 41/47 MP: 4/4
  1306 | D:2      | Found a broken altar of Ashenzari.
  2187 | D:2      | Reached skill level 5 in Axes
  2407 | D:2      | Reached XP level 6. HP: 48/55 MP: 5/5
  2863 | D:3      | Reached skill level 5 in Shields
  3074 | D:3      | Reached skill level 5 in Fighting
  3074 | D:3      | Reached skill level 5 in Armour
  3284 | D:3      | Found a faded altar of an unknown god.
  3518 | D:4      | Found a runed translucent gate.
  3518 | D:4      | Found a runed translucent gate.
  3518 | D:4      | Found a runed translucent gate.
  3687 | D:4      | Noticed sigtrap's ghost (amateur KoHu)
  4279 | D:4      | Reached skill level 6 in Axes
  4279 | D:4      | Reached XP level 7. HP: 26/61 MP: 6/6
  4553 | D:5      | Entered Level 5 of the Dungeon
  4819 | D:5      | Reached skill level 7 in Axes
  4843 | D:5      | Found a sand-covered staircase.
  4848 | Ossuary  | Entered an ossuary
  5053 | Ossuary  | Reached XP level 8. HP: 44/70 MP: 7/7
  6071 | D:6      | Reached skill level 8 in Axes
  6266 | D:6      | Found a staircase to the Ecumenical Temple.
  6335 | Temple   | Entered the Ecumenical Temple
  6538 | Temple   | Became a worshipper of Warmaster Okawaru
  7164 | D:6      | Reached skill level 9 in Axes
  7255 | D:6      | Reached XP level 9. HP: 74/79 MP: 8/8
  7621 | D:7      | Reached * piety under Okawaru
  7966 | D:7      | Reached skill level 10 in Axes
  7966 | D:7      | Reached skill level 1 in Invocations
  8263 | D:7      | Reached ** piety under Okawaru
  8265 | D:7      | Noticed a five-headed hydra
  8355 | D:8      | Found a staircase to the Lair.
  8362 | D:8      | Reached XP level 10. HP: 34/90 MP: 7/10
  8632 | D:8      | Reached skill level 11 in Axes
  8977 | D:8      | Found Loluots's Weapon Shoppe.
  9136 | D:8      | Noticed a centaur warrior
  9138 | D:8      | Noticed a white ugly thing
  9144 | D:8      | Slain by a white ugly thing

Illustrated notes

Levels and vault maps discovered:
D:1:      dpeg_arrival_rooms_a, layout_basic, minmay_distorted
D:2:      minmay_angry_zag, layout_loops_corners, basic_altar, uniq_sigmund
D:3:      layout_loops_ring, dreamdust_ecumenical_altar_hidden_monk_grotto,
          serial_rivers, chequers_serial_rivers_small_a,
          chequers_serial_rivers_micro_b, chequers_serial_rivers_large_a,
          chequers_serial_rivers_room_a
D:4:      layout_rooms, ebering_ghost_rock_garden
D:5:      layout_basic, lightli_ossuary_entry_decrepit_ruins
D:6:      layout_gridville, minmay_temple_entry_statues_pillars,
          kennysheep_generic_room_4
D:7:      layout_rooms, gammafunk_temple_overflow_pools, serial_shops,
          nicolae_shop_behind_doors, nzn_random_ring
D:8:      layout_loops_ring, due_lair_maze_entry_diamond, serial_shops,
          nicolae_shop_window_shopping, minmay_small_thing
Temple:   mainiacjoe_temple_cubbyholes

Skill      XL: |  1  2  3  4  5  6  7  8  9 10 |
---------------+-------------------------------+-----
Shields        | 4 5 6 7 8 |  8.7
Axes           | 3 4 5 6 7 9 10 11 | 11.2
Armour         | 4 5 6 7 8 |  8.6
Fighting       | 4 5 6 7 8 |  8.7
Invocations    | 2 3 |  3.1

Action                   |  1- 3 |  4- 6 |  7- 9 | 10-12 || total
-------------------------+-------+-------+-------+-------++-------
Melee: War axe           |    85 |   154 |   335 |    33 ||   607
       Headbutt          |    10 |    22 |    60 |    11 ||   103
Invok: Heroism           |       |       |     4 |     3 ||     7
  Use: Potion            |       |     1 |       |     1 ||     2
       Scroll            |       |     7 |     1 |       ||     8
Armor: Scale mail        |    24 |    56 |       |       ||    80
       Chain mail        |       |     6 |   154 |     9 ||   169
Dodge: Dodged            |    28 |    70 |   101 |    11 ||   210
Block: Buckler           |    17 |    28 |    85 |     9 ||   139
